 Dungeon Crawl Stone Soup version 0.30.1-4-g462c640d31 (webtiles) character file.

Game seed: 4292901663759402724

65 Graphine the Ruffian (level 3, -4/36 (43) HPs)
             Began as a Draconian Transmuter on Aug 26, 2023.
             Slain by a cerulean imp
             ... wielding a +2 spear
             ... summoned by Natasha
              (5 damage)
             ... on level 2 of the Dungeon.
             The game lasted 00:03:49 (1142 turns).

Graphine the Ruffian (Draconian Transmuter)         Turns: 1142, Time: 00:03:52

HP:   -4/36 (43)    AC: 21    Str: 12    XL:     3   Next: 94%
MP:   5/6           EV:  2    Int: 15    God:
Gold: 105           SH:  0    Dex: 11    Spells: 1/7 levels left

rFire   . . .        q - +2 whip (drain)
rCold   . . .        (no shield)
rNeg    . . .        (body armour unavailable)
rPois   +            (helmet currently unavailable)
rElec   .            (cloak currently unavailable)
rCorr   .            o - melded +0 pair of gloves
SInv    .            (boots currently unavailable)
Will    .....        (no amulet)
Stlth   +            (no ring)
HPRegen 0.26/turn    (no ring)
MPRegen 0.10/turn

%: no passive effects
@: tree-form, heavily drained
A: stationary, stasis, torment immunity, boosted hp, AC +5, unfitting armour,
(cold-blooded)
a: no special abilities


You were on level 2 of the Dungeon.
You were a tree.
You visited 1 branch of the dungeon, and saw 2 of its levels.

You collected 105 gold pieces.

Inventory:

Hand Weapons
 l - a +0 short sword
 q - a +2 whip of draining (weapon)
Missiles
 m - 4 atropa-tipped darts
Armour
 o - a +0 pair of gloves (melded)
Jewellery
 p - a ring of positive energy
Scrolls
 d - a scroll of teleportation {unknown}
 e - a scroll of identify {unknown}
 g - a scroll of poison {unknown}
 h - a scroll of summoning {unknown}
 n - a scroll of amnesia {unknown}
Potions
 b - a potion of attraction {unknown}
 c - a potion of curing {unknown}
 f - a potion of ambrosia {unknown}
 i - a potion of berserk rage {unknown}
 j - a potion of degeneration {unknown}
 k - a potion of mutation {unknown}


   Skills:
 + Level 2.1 Fighting
 + Level 2.3 Dodging
 + Level 3.4 Unarmed Combat
 + Level 2.5 Spellcasting
 + Level 2.5 Transmutations


You had one spell level left.
You knew the following spells:

 Your Spells              Type           Power      Damage    Failure   Level
a - Beastly Appendage     Tmut           18%        N/A       8%          1
b - Wereblood             Tmut           9%         N/A       11%         2
c - Spider Form           Tmut/Pois      5%         N/A       36%         3

Your spell library contained the following spells:

 Spells                   Type           Power      Damage    Failure   Level
 Ignite Poison            Fire/Tmut/Pois 4%         N/A       41%         3
 Ice Form                 Ice/Tmut       5%         N/A       77%         4
 Sticky Flame             Conj/Fire      1%         2d3       91%         4
 Ignition                 Fire           0%         3d3       100%        8


Dungeon Overview and Level Annotations

Branches:
Dungeon (2/15)

Altars:

Annotations:
D:2 Natasha


Innate Abilities, Weirdness & Mutations

You are a tree.
Your roots penetrate the ground, keeping you stationary.
You cannot be teleported.
You are immune to unholy pain and torment.
Your maximum health is greatly increased.
Your equipment is partially melded.
((Your plain brown scales are hard. (AC +5)))
You cannot fit into any form of body armour.
((You are cold-blooded and may be slowed by cold attacks.))


Message History

* * * LOW HITPOINT WARNING * * *
The cerulean imp hits you but does no damage.
Okay, then.
Really quaff the potion of lignification?
You turn into a tree.
Your +0 pair of gloves melds into your body.
Your roots penetrate the ground.
The cerulean imp hits you from afar with a +2 spear.
* * * LOW HITPOINT WARNING * * *
The cerulean imp hits you but does no damage.
Natasha claws you but does no damage.
The cerulean imp hits you but does no damage.
You hit Natasha.
Natasha is lightly wounded.
Your primal bloodlust has ended.
The cerulean imp completely misses you.
The cerulean imp hits you but does no damage.
Natasha barely misses you.
The cerulean imp hits you but does no damage.
The cerulean imp barely misses you.
You closely miss Natasha.
The cerulean imp hits you but does no damage.
Natasha extends her claws.
Natasha claws you.
* * * LOW HITPOINT WARNING * * *
The cerulean imp hits you but does no damage. x3
Unknown command.
You hit Natasha.
Natasha is moderately wounded.
Natasha claws you but does no damage.
The cerulean imp hits you but does no damage. x3
Unknown command.
Okay, then.
You hit Natasha.
Natasha is heavily wounded.
Natasha stares at you and mumbles some strange words.
The magic dart hits you but does no damage.
The cerulean imp hits you but does no damage. x2
The cerulean imp hits you with a +2 spear.
You die...

#.#.###........
#.#..†..#####..
##.##..[..## ..#
#.....###..#..# .
##..######....# ...
##...#####...###
....###...##.....#..#
.....5h...##....###.#
....g5.♣)..#....# .#
....###5##.....## #.#
. #.####...# #.. #.#
#...# #.### #.# #...#
#.... ..# ##### #...
..# ........ ..#
####.... #.#..


You could see Natasha, 3 cerulean imps and a goblin.

Vanquished Creatures
  2 adders (D:2)
  A worm (D:2)
  2 dart slugs
  8 endoplasms
  A goblin (D:1)
  2 hobgoblins (D:1)
  4 kobolds
  5 ball pythons
  5 bats
  11 frilled lizards
  2 rats
43 creatures vanquished.

Notes
Turn   | Place    | Note
-------+----------+-------------------------------------------
     0 | D:1      | Graphine the Draconian Transmuter began the quest for the
                  | Orb.
     0 | D:1      | Reached XP level 1. HP: 16/16 MP: 3/3
   140 | D:1      | Reached XP level 2. HP: 14/23 MP: 3/5
   183 | D:1      | Learned a level 2 spell: Wereblood
   763 | D:2      | Reached XP level 3. HP: 16/29 MP: 1/6
   767 | D:2      | Learned a level 3 spell: Spider Form
  1129 | D:2      | Noticed Natasha
  1138 | D:2      | HP: 1/36 [cerulean imp/+2 spear[Natasha] (5)]
  1142 | D:2      | Slain by a cerulean imp

Illustrated notes

Levels and vault maps discovered:
D:1:      psy_arrival_statuary, layout_rooms
D:2:      layout_rooms, serial_shops, shop, amcnicky_mini_corridor_feature,
          minmay_lizard_king, uniq_natasha

Skill      XL: |  1  2  3 |
---------------+----------+-----
Dodging        | 2 |  2.3
Fighting       | 2 |  2.1
Unarmed Combat | |  3.4
Spellcasting   | |  2.5
Transmutations | |  2.5

Action                     || total
---------------------------++-------
  Melee: Unarmed           ||    43
         Kick              ||    12
         Tailslap          ||    12
         Headbutt          ||    11
         Short sword       ||    46
         Punch             ||     1
         Whip              ||    26
   Cast: Beastly Appendage ||    19
         Wereblood         ||    11
    Use: Potion            ||     1
 Armour: Skin              ||    45
  Dodge: Dodged            ||    79
